 Dungeon Crawl Stone Soup version 0.31.0-11-ge490571c62 (webtiles) character file.

Game seed: 1342407105315787815

2 Monkooky the Apothecary (level 1, 0/15 HPs)
             Began as a Naga Alchemist on Feb 2, 2024.
             Slain by a quokka (4 damage)
             ... on level 1 of the Dungeon.
             The game lasted 00:00:09 (141 turns).

Monkooky the Apothecary (Naga Alchemist)             Turns: 141, Time: 00:00:10

Health: 0/15       AC:  1    Str: 10    XL:     1   Next: 30%
Magic:  0/3        EV:  9    Int: 15    God:
Gold:   7          SH:  0    Dex: 11    Spells: 3/4 levels left

rFire   . . .        (no weapon)
rCold   . . .        (no shield)
rNeg    . . .        a - +0 robe
rPois   +            (no helmet)
rElec   .            (no cloak)
rCorr   .            (no gloves)
SInv    +            (no barding)
Will    .....        (no amulet)
Stlth   ++           (no ring)
HPRegen 0.22/turn    (no ring)
MPRegen 0.08/turn

%: no passive effects
@: very slightly contaminated, very slow
A: AC +0, large, see invisible, deformed body, poison resistance, slowness 2,
spit poison 1, naga tail 1
a: Spit Poison


You were on level 1 of the Dungeon.
You visited 1 branch of the dungeon, and saw 1 of its levels.

You collected 7 gold pieces.

Inventory:

Armour
 a - a +0 robe (worn)
Scrolls
 c - a scroll of fear {unknown}
Potions
 b - a potion of magic


   Skills:
 + Level 1.6 Dodging
 + Level 3.0 Stealth
 + Level 2.0 Spellcasting
 + Level 1.0 Conjurations
 + Level 3.6 Alchemy


You had 3 spell levels left.
You knew the following spells:

 Your Spells              Type           Power      Damage    Failure   Level
a - Sting                 Conj/Alch      32%        1d5       9%          1

Your spell library contained the following spells:

 Spells                   Type           Power      Damage    Failure   Level
 Mercury Vapours          Alch/Air       14%        N/A       16%         2
 Mephitic Cloud           Conj/Alch/Air  6%         N/A       34%         3
 Olgreb's Toxic Radiance  Alch           12%        N/A       43%         4
 Sticky Flame             Fire/Alch      7%         2d4       71%         4


Dungeon Overview and Level Annotations

Branches:
Dungeon (1/15)

Altars:


Innate Abilities, Weirdness & Mutations

Your serpentine skin is tough. (AC +0)
You have supernaturally acute eyesight. (SInv)
Armour fits poorly on your strangely shaped body.
Your system is resistant to poisons. (rPois)
You cover ground very slowly.
You can spit poison.
You have a snake-like lower body.


Message History

Welcome, Monkooky the Naga Alchemist.
If you return without finding the Orb of Zot, so far below, it's all over!
Press ? for a list of commands and other information.
Found a scroll labelled QOGGOD EFETHAR.
Found a staircase leading out of the dungeon.
You enter the shallow water.
c - a scroll labelled QOGGOD EFETHAR You now have 7 gold pieces.
A giant cockroach comes into view.
The sting hits the giant cockroach.
The giant cockroach is poisoned.
The giant cockroach is heavily wounded.
The sting hits the giant cockroach but does no damage.
The giant cockroach looks even sicker.
The giant cockroach is almost dead.
You kill the giant cockroach!
Magic restored.
A frilled lizard comes into view.
The sting hits the frilled lizard.
The frilled lizard is poisoned.
You kill the frilled lizard!
A quokka comes into view.
A hobgoblin comes into view.
You can't see any susceptible monsters within range! (Use Z to cast anyway.)
You miscast Sting.
You are very lightly contaminated with residual magic.
Nothing appears to happen.
The sting hits the quokka but does no damage.
The quokka is poisoned.
The sting hits the quokka.
The quokka looks even sicker.
The quokka is lightly wounded.
You barely miss the quokka.
The quokka is moderately wounded.
The quokka bites you. The hobgoblin hits you. The quokka bites you.
The hobgoblin hits you.
* * * LOW HITPOINT WARNING * * *
The quokka bites you.
You die...

######### .##### ....... ......
#.....# #.# ##### #.....# #.#
#.... #.###.$...####.# #.###
#....!.......#.# #.#
############....r##.#.# #.#
.#.#.#.#.#.#.#.g@.#.#.# #.#
#^#.#.#.#.#..#.##.#.#.#######.#
.#.~~~~~.#.###.#..............#
#.#≈...≈#.#.##.#..#.#.#########
#.≈...≈.#.###.#..#.#.#
#.#≈.<.≈#.#.##.#..#.#.#
.#.≈≈≈≈≈.#.###.####.#.#
#.#.#.#.#.#.# ..#..
.#.#.#.#.#.###### #####


You could see a quokka (very poisoned) and a hobgoblin.

Vanquished Creatures
  A giant cockroach (D:1)
  A frilled lizard (D:1)
2 creatures vanquished.

Notes
Turn   | Place    | Note
-------+----------+-------------------------------------------
     0 | D:1      | Monkooky the Naga Alchemist began the quest for the Orb.
     0 | D:1      | Reached XP level 1. HP: 15/15 MP: 3/3
   141 | D:1      | Slain by a quokka

Illustrated notes

Levels and vault maps discovered:
D:1:      ncdulo_watergridlock, layout_basic

Action                     || total
---------------------------++-------
  Melee: Unarmed           ||     1
   Cast: Sting             ||     5
 Armour: Robe              ||     5
